 Dungeon Crawl Stone Soup version 0.19.0-11-g3fc08b3 (webtiles) character file.

59 Chiseanne the Magician (level 3, -1/24 HPs)
             Began as a Demonspawn Wizard on Nov 9, 2016.
             Slain by a goblin (2 damage)
             ... led by Robin
             ... on level 3 of the Dungeon.
             The game lasted 00:02:05 (1797 turns).

Chiseanne the Magician (Demonspawn Wizard)          Turns: 1797, Time: 00:02:06

Health: -1/24      AC:  2    Str:  7    XL:     3   Next: 78%
Magic:  0/8        EV: 12    Int: 20    God:
Gold:   119        SH:  0    Dex: 11    Spells: 4 memorised, 0 levels left

rFire  . . .     SeeInvis .     a - +3 short sword (venom)
rCold  . . .     Gourm    .     h - +0 robe
rNeg   . . .     Faith    .     (no shield)
rPois  .         Spirit   +     b - +0 hat
rElec  .         Reflect  .     (no cloak)
rCorr  .         Harm     .     (no gloves)
MR     .....                    (no boots)
Stlth  ++........               (no amulet)
                                (no ring)
                                (no ring)

@: no status effects
A: magic shield
a: no special abilities


You were on level 3 of the Dungeon.
You were not hungry.

You visited 1 branch of the dungeon, and saw 3 of its levels.

You collected 119 gold pieces.

Inventory:

Hand Weapons
 a - a +3 short sword of venom (weapon)
Missiles
 k - 22 stones (quivered)
 l - 13 arrows
Armour
 b - a +0 hat (worn)
 h - a +0 robe (worn)
Scrolls
 e - a scroll of identify {unknown}
 f - a scroll of enchant weapon {unknown}
 g - a scroll of enchant armour {unknown}
 i - a scroll of amnesia {unknown}
 n - 2 scrolls of remove curse {unknown}
Potions
 c - a potion of invisibility {unknown}
 j - a potion of lignification {unknown}
 m - a potion of flight {unknown}
Comestibles
 d - 3 bread rations
 o - 2 chunks of flesh


   Skills:
 - Level 1.7 Dodging
 - Level 1.7 Stealth
 * Level 3.8 Spellcasting
 * Level 2.6 Conjurations
   Level 1.0 Summonings
 - Level 0.8 Translocations


You couldn't memorise any spells.
You knew the following spells:

 Your Spells              Type           Power        Failure   Level  Hunger
a - Magic Dart            Conj           ##..         4%          1    None
b - Mephitic Cloud        Conj/Pois/Air  #.......     30%         3    ###....
c - Conjure Flame         Conj/Fire      #.......     24%         3    ###....
d - Blink                 Tloc           N/A          17%         2    ##.....


Dungeon Overview and Level Annotations

Branches:
Dungeon (3/15)

Altars:
Gozag
Qazlal

Annotations:
D:2 Sigmund
D:3 Robin


Innate Abilities, Weirdness & Mutations

When hurt, damage is shared between your health and your magic reserves.


Message History

You barely miss the goblin. The goblin hits you.
The goblin hits you with a club. The goblin hits you but does no damage.
You hit the goblin.
You kill the goblin!
Robin throws the goblin at you! The goblin hits you but does no damage.
The goblin hits you.
* * * LOW HITPOINT WARNING * * *
You closely miss the goblin. Robin barely misses you.
The goblin closely misses you. The goblin misses you.
Okay, then.
Casting: Magic Dart
Confirm with . or Enter, or press ? or * to list all spells.
You don't have enough magic to cast that spell.
Casting: Magic Dart
Confirm with . or Enter, or press ? or * to list all spells.
You don't have enough magic to cast that spell.
You closely miss the goblin. The goblin hits you with a club.
* * * LOW HITPOINT WARNING * * *
The goblin hits you.
You die...

.................
#......#.##.#.
#.###...###.##.#.
#.......###.##.#.
#####..........#. .
#...###.##... ... #.#.#
#.##... .....#######
#.#.###.##...
#....g@g###.#..........
#.#####gr......##.##...
###.#####gg......# ..
.........g.......# ..#
.................# .#
................... #
................#...
....#...........#....
### #...........#....


You could see Robin, 5 goblins and a rat.

Vanquished Creatures
  2 adders (D:2)
  An ooze (D:1)
  A worm (D:3)
  A dart slug (D:3)
  A leopard gecko (D:1)
  A giant cockroach (D:3)
  5 goblins
  2 hobgoblins (D:3)
  6 jackals (D:1)
  4 kobolds
  A quokka (D:2)
  2 bats (D:1)
  3 rats (D:1)
30 creatures vanquished.

Notes
Turn   | Place    | Note
-------+----------+-------------------------------------------
     0 | D:1      | Chiseanne the Demonspawn Wizard began the quest for the Orb.
     0 | D:1      | Reached XP level 1. HP: 13/13 MP: 4/4
   201 | D:1      | Gained mutation: When hurt, damage is shared between your health and your magic reserves. [demonic ancestry]
   201 | D:1      | Reached XP level 2. HP: 16/19 MP: 0/6
  1005 | D:2      | Reached XP level 3. HP: 19/24 MP: 0/8
  1355 | D:2      | Found an opulent altar of Gozag.
  1356 | D:2      | Noticed an earth elemental
  1358 | D:2      | Found a stormy altar of Qazlal.
  1362 | D:2      | Noticed a fire elemental
  1366 | D:2      | Noticed Sigmund
  1507 | D:3      | Learned a level 3 spell: Mephitic Cloud
  1511 | D:3      | Learned a level 3 spell: Conjure Flame
  1514 | D:3      | Learned a level 2 spell: Blink
  1767 | D:3      | Noticed Robin
  1797 | D:3      | HP: 1/24 [goblin/club[Robin] (3)]
  1797 | D:3      | Slain by a goblin

Skill      XL: |  1  2 |
---------------+-------+-----
Conjurations   | 2 |  2.6
Dodging        | |  1.7
Stealth        | |  1.7
Spellcasting   | |  3.8
Summonings     | |  1.0
Translocations | |  0.8

Action                   || total
-------------------------++-------
Melee: Whip              ||    12
       Short sword       ||    11
 Cast: Magic Dart        ||    78
  Eat: Chunk             ||     3
Armor: Robe              ||     7
Dodge: Dodged            ||    24
